Map: Prion Terraces

Players

Pinxx - Winner!

  • Race: Zerg Zerg
  • League: Platinum

LilDicky

  • Race: Terran Terran
  • League: Platinum

VOD

http://www.twitch.tv/tumescentpie

Description

Time

  • Played on: Nov. 20, 2015, 10:29 p.m.
  • Length: 14:32
Show
View Real Time Build Order
Export as new Build Order

Pinxx Zerg - Winner!

Build Orders: Hatch First 

Get SALT Encoding   

  12  0:00  Drone  
  13  0:12  Overlord  
  13  0:25  Drone  
  14  0:32  Drone  
  14  0:33  Drone  
  16  0:36  Drone  
  17  0:55  Hatchery  
  16  1:00  Drone  
  17  1:04  Drone  
  18  1:14  Spawning Pool  
  18  1:17  Extractor  
  16  1:19  Drone  
  16  1:24  Drone  
  18  1:32  Drone  
  19  1:40  Drone  
  20  1:52  Overlord  
  20  2:02  Queen  
  22  2:08  Queen  
  22  2:10  Zergling x4  
  22  2:13  Zergling x2  
  27  2:23  Drone  
  27  2:24  Drone  
  29  2:43  Metabolic Boost  
  29  2:45  Drone x3  
  29  2:46  Overlord  
  32  3:05  Roach Warren  
  31  3:10  Drone x2  
  31  3:11  Drone x2  
  35  3:19  Overlord  
  35  3:20  Drone  
  35  3:26  Hatchery  
  35  3:29  Drone x4  
  39  3:34  Extractor  
  39  3:36  Overlord  
  38  3:41  Drone x2  
  40  3:51  Overlord  
  40  3:52  Drone x2  
  42  4:02  Roach x4  
  50  4:14  Drone x2  
  50  4:15  Drone x2  
  54  4:20  Zergling x8  
  58  4:27  Roach x3  
  58  4:28  Overlord  
  64  4:34  Lair  
  64  4:39  Zergling x4  
  64  4:42  Extractor  
  64  4:43  Extractor  
  64  4:45  Drone  
  65  4:50  Ravager x2  
  67  4:55  Ravager  
  67  4:59  Ravager  
  69  5:03  Overlord x3, Zergling x6  
  69  5:04  Drone x2  
  74  5:21  Overlord x2  
  59  5:43  Roach x6, Zergling x2  
  59  5:44  Zergling x6  
  59  5:45  Spore Crawler  
  59  5:46  Spore Crawler  
  59  5:48  Queen  
  76  5:50  Drone  
  71  6:09  Zergling x12  
  73  6:24  Zergling x6  
  73  6:25  Zergling x8  
  77  6:26  Ravager  
  77  6:28  Ravager x3  
  81  6:35  Drone x5  
  86  6:41  Drone x2, Spore Crawler  
  86  6:44  Drone  
  74  7:22  Zergling x8  
  72  7:23  Zergling x16  
  72  7:24  Zergling x2  
  72  7:27  Drone x2  
  80  7:38  Spire  
  80  7:39  Glial Reconstitution  
  80  7:42  Overlord x3  
  79  7:44  Overseer  
  79  7:45  Overseer x3  
  79  7:48  Hatchery  
  78  7:53  Roach x5  
  78  7:54  Ravager x2  
  89  8:09  Drone x4  
  89  8:10  Drone x6  
  84  8:39  Overseer  
  84  8:41  Overlord x3  
  84  8:49  Corruptor x8  
  84  8:51  Corruptor  
  84  8:55  Drone x3  
  103  9:03  Overlord x2, Corruptor  
  103  9:07  Queen  
  103  9:30  Zergling x12  
  113  9:31  Zergling x20  
  119  9:39  Drone  
  119  9:43  Zerg Flyer Armor Level 1  
  119  9:45  Infestation Pit  
  119  9:49  Extractor  
  120  9:53  Roach x7, Extractor  
  120  9:54  Roach x2  
  135  10:16  Overlord x2  
  135  10:17  Overlord x4  
  133  10:22  Evolution Chamber  
  133  10:23  Evolution Chamber  
  133  10:27  Corruptor x6  
  135  10:33  Roach x2  
  135  10:35  Ravager  
  135  10:36  Ravager x2  
  135  10:39  Drone x5  
  137  10:45  Overseer  
  135  10:54  Overseer  
  135  10:55  Overseer x2  
  135  10:56  Corruptor  
  122  11:30  Zergling x14  
  122  11:31  Zergling x4  
  128  11:36  Zerg Melee Weapons Level 1  
  128  11:37  Zerg Ground Armor Level 1, Zergling x4  
  128  11:38  Hive, Zergling x6  
  133  11:40  Zerg Flyer Weapons Level 1  
  133  11:41  Zergling x2  
  133  11:42  Zergling x26  
  133  11:44  Extractor  
  133  11:45  Extractor  
  145  12:10  Corruptor x4  
  145  12:11  Corruptor x3  
  145  12:12  Zergling x2  
  145  12:13  Overlord, Zergling x12  
  145  12:14  Overlord x2  
  166  12:15  Zergling x2  
  142  12:50  Queen  
  144  13:19  Hatchery  
  143  13:24  Corruptor x4  
  143  13:25  Corruptor x2  
  143  13:26  Zergling x28  
  143  13:27  Zergling x12  
  169  13:48  Corruptor  
  169  13:49  Corruptor x4  
  169  13:55  Corruptor x4  
  161  14:01  Corruptor x3  
Show
View Real Time Build Order
Export as new Build Order

LilDicky Terran 

Build Orders: Command Center First (CC) 

Get SALT Encoding   

  12  0:01  SCV  
  13  0:13  SCV  
  14  0:20  Supply Depot  
  14  0:25  SCV  
  15  0:42  SCV  
  16  0:58  Command Center  
  16  1:00  SCV  
  17  1:14  Barracks  
  17  1:17  SCV  
  18  1:21  Refinery  
  18  1:29  SCV  
  19  1:42  SCV  
  20  1:54  SCV  
  21  2:04  Refinery  
  21  2:05  Marine  
  23  2:08  Supply Depot  
  23  2:10  Orbital Command  
  23  2:15  Bunker  
  23  2:16  Orbital Command  
  22  2:30  Marine  
  23  2:41  SCV  
  23  2:43  SCV  
  25  2:53  SCV  
  25  2:57  Command Center  
  25  2:58  Marine  
  26  3:00  SCV  
  28  3:06  SCV  
  28  3:12  SCV  
  30  3:17  Marine  
  30  3:18  SCV  
  32  3:26  SCV  
  33  3:30  SCV  
  34  3:35  Refinery  
  34  3:37  Refinery  
  34  3:38  SCV  
  34  3:41  Factory  
  35  3:42  SCV  
  35  3:44  Marine  
  37  3:50  SCV, Engineering Bay  
  37  3:54  SCV  
  39  4:02  SCV  
  40  4:04  Bunker, Marine  
  40  4:06  SCV  
  42  4:14  SCV  
  41  4:30  Planetary Fortress  
  41  4:35  Factory Tech Lab  
  41  4:36  SCV x2, Starport  
  43  4:48  SCV  
  43  4:51  Marine  
  45  4:56  SCV  
  46  5:00  SCV, Siege Tank  
  50  5:07  Bunker  
  50  5:08  SCV  
  50  5:09  Marine  
  50  5:12  SCV  
  53  5:15  SCV  
  53  5:17  Supply Depot  
  53  5:19  Starport Reactor  
  53  5:20  SCV  
  55  5:24  Fusion Core  
  55  5:25  SCV  
  55  5:27  SCV, Marine  
  58  5:33  SCV  
  55  5:45  SCV x2  
  55  5:49  SCV  
  56  5:52  Bunker  
  56  5:57  SCV  
  56  5:58  Missile Turret  
  56  6:02  Liberator  
  57  6:11  SCV, Marine  
  55  6:12  Siege Tank  
  55  6:17  Behemoth Reactor  
  59  6:19  Starport  
  59  6:22  Liberator  
  59  6:25  SCV  
  60  6:29  Marine  
  61  6:39  SCV x2  
  66  6:43  SCV  
  66  6:44  Supply Depot  
  67  6:48  Marine  
  68  6:57  Starport Tech Lab  
  68  7:04  Supply Depot  
  68  7:05  Siege Tank, Liberator  
  71  7:11  Liberator  
  71  7:15  Supply Depot, Marine  
  65  7:16  Supply Depot  
  72  7:26  Advanced Ballistics  
  72  7:27  Banshee  
  71  7:37  Siege Tank  
  71  7:43  SCV  
  75  7:48  Command Center, Liberator  
  75  7:53  Liberator  
  75  7:54  Refinery  
  75  8:01  Missile Turret  
  75  8:02  Refinery  
  78  8:09  Siege Tank  
  78  8:12  SCV  
  83  8:21  SCV x2  
  82  8:39  Viking  
  84  8:48  Viking  
  86  8:52  Banshee  
  89  8:57  Supply Depot  
  89  9:06  Command Center  
  89  9:09  Viking  
  91  9:22  Command Center  
  91  9:23  Command Center  
  91  9:32  Corvid Reactor  
  91  9:35  Banshee  
  94  9:41  Supply Depot x2, Starport  
  94  9:42  Supply Depot, Starport x2  
  94  9:43  Armory  
  94  9:45  Armory  
  94  9:50  SCV, Planetary Fortress  
  94  9:52  SCV x2  
  97  9:57  Liberator  
  97  10:00  Refinery  
  97  10:02  SCV, Refinery  
  97  10:04  SCV x2  
  100  10:08  Siege Tank  
  103  10:14  SCV  
  103  10:16  SCV  
  103  10:18  Raven  
  100  10:28  Starport Tech Lab x2  
  100  10:29  Starport Reactor  
  100  10:33  Command Center  
  94  10:44  Orbital Command  
  94  10:47  Command Center  
  94  10:50  SCV x3  
  94  10:54  Planetary Fortress, Refinery  
  94  10:55  Refinery  
  94  10:56  Missile Turret  
  97  11:00  SCV  
  97  11:02  SCV  
  99  11:06  SCV x2  
  99  11:09  Raven x2  
  104  11:21  Liberator x3  
  96  11:36  Command Center  
  96  11:37  Banshee  
  114  11:48  Terran Ship Weapons Level 1  
  114  11:52  Banshee  
  117  11:54  SCV  
  117  11:55  SCV x2  
  117  11:56  SCV  
  117  11:59  SCV  
  122  12:09  SCV, Missile Turret  
  123  12:21  SCV  
  123  12:22  Missile Turret  
  123  12:36  Liberator x6  
  123  12:37  Liberator  
  120  12:43  Supply Depot  
  120  12:45  Engineering Bay  
  120  12:51  Supply Depot  
  120  12:54  Missile Turret  
  141  13:00  Planetary Fortress  
  141  13:06  Planetary Fortress  
  141  13:18  Liberator  
  141  13:19  Liberator  
  141  13:25  Refinery  
  138  13:33  Refinery  
Tags
 
Add a new tag
Caveats
  • Supply blocks, unpowered buildings, or Contaminate may cause inaccurate times.
  • Supply counts are checked every 10 seconds.